 Dungeon Crawl Stone Soup version 0.17.1-1-g73c8601 (webtiles) character file.

1083 lucasterio the Cudgeler (level 8, -1/87 HPs)
             Began as a Demonspawn Berserker on Dec 13, 2015.
             Was a Priest of Trog.
             Slain by an orc warrior
             ... wielding a +0 flail
              (4 damage)
             ... on level 6 of the Dungeon.
             The game lasted 00:11:02 (5427 turns).

lucasterio the Cudgeler (Demonspawn Berserker)      Turns: 5427, Time: 00:11:02

Health: -1/87      AC:  9    Str: 24    XL:     8   Next: 8%
Magic:  8/8        EV:  9    Int:  9    God:    Trog [***...]
Gold:   215        SH:  0    Dex: 13    Spells: 0 memorised, 7 levels left

rFire  . . .     SeeInvis +     a - +0 mace
rCold  + . .     Clarity  .     f - +0 chain mail
rNeg   . . .     SustAt   .     (no shield)
rPois  .         Gourm    .     (helmet unavailable)
rElec  .         Spirit   .     (no cloak)
rCorr  .         Warding  .     (no gloves)
rMut   .         Stasis   .     (no boots)
MR     .....                    (no amulet)
Stlth  ..........               (no ring)
                                (no ring)

@: berserking, very quick, not resistant to hostile enchantments, extremely
unstealthy
A: antennae 3, talons 1, cold resistance 1, demonic guardian 1
a: Berserk, Trog's Hand, Burn Spellbooks, Renounce Religion


You were on level 6 of the Dungeon.
You worshipped Trog.
Trog was most pleased with you.
You were hungry.

You visited 1 branch of the dungeon, and saw 6 of its levels.

You collected 215 gold pieces.

Inventory:

Hand Weapons
 a - a +0 mace (weapon)
 C - a +0 shortbow
Missiles
 B - a tomahawk (quivered)
 D - 23 arrows
Armour
 d - a +0 plate armour
 f - a +0 chain mail (worn)
 i - a +0 helmet
 w - a +0 leather armour
Jewellery
 g - an uncursed ring of see invisible {unknown}
 t - an uncursed ring of protection from cold {unknown}
 x - a cursed amulet of inaccuracy {unknown}
Wands
 E - a wand of polymorph (12)
Scrolls
 k - 2 scrolls of recharging {unknown}
 l - 3 scrolls of enchant armour {unknown}
 o - a scroll of fog {unknown}
 q - 3 scrolls of random uselessness {unknown}
 r - 2 scrolls of amnesia {unknown}
 s - a scroll of remove curse {unknown}
 u - 4 scrolls of identify {unknown}
 v - 2 scrolls of enchant weapon {unknown}
 y - a scroll of blinking {unknown}
 z - a scroll of teleportation {unknown}
 A - a scroll of magic mapping {unknown}
Potions
 b - 3 potions of curing {unknown}
 e - 2 potions of haste {unknown}
 h - 3 potions of ambrosia {unknown}
 j - a potion of might {unknown}
 m - a potion of cure mutation {unknown}
 n - a potion of flight {unknown}
Comestibles
 c - 5 bread rations
 p - 7 fruits


   Skills:
 - Level 3.0 Fighting
 * Level 7.6 Maces & Flails
 + Level 5.2 Armour
 - Level 1.7 Dodging


You had 7 spell levels left.
You didn't know any spells.

Dungeon Overview and Level Annotations

Branches:
Dungeon (6/15)             Temple (0/1) D:5

Altars:
Cheibriados
Gozag
Nemelex Xobeh
Sif Muna


Innate Abilities, Weirdness & Mutations

You have a pair of large antennae on your head (SInv).
You have sharp toenails.
Your flesh is cold resistant.
A weak demonic guardian rushes to your aid.


Message History

You closely miss the orc warrior.
The orc warrior is lightly wounded.
The orc wizard hits you but does no damage.
The orc warrior hits you with a flail!
Your crimson imp blinks!
You hit the orc warrior but do no damage.
Your kick misses the orc warrior.
The orc warrior is lightly wounded.
The orc wizard hits you but does no damage.
The orc warrior hits you with a flail!!
* * * LOW HITPOINT WARNING * * *
A red film seems to cover your vision as you go berserk!
You feel yourself moving faster!
You feel mighty!
You are feeling hungry.
The orc wizard casts a spell.
The orc wizard flickers and vanishes for a moment.
You hit the orc warrior. You claw the orc warrior.
The orc warrior is moderately wounded.
The orc warrior hits you with a flail.
You die... #..........# #.....##...# #.....###... #......#.... # #..........# ... #......##... ....$##### #.....###... #ooSoo##

#..#### #[##
#{###@.####.##
#.##
##....5..####...##
##.............##
#......##..##...
#####.....##>..#
###......# # {{ {
..... ..... #..#


You could see an orc warrior, an orc wizard (invisible), an adder, 2 orcs and a
friendly crimson imp.

Vanquished Creatures
  The ghost of AAAAA the Grappler, a novice DrTm of Kikubaaqudgha (D:6)
  A sky beast (D:5)
  A crimson imp (D:5)
  A giant frog zombie (D:5)
  Terence (D:2)
  An orc wizard (D:5)
  2 iguanas
  2 worker ants (D:4)
  2 hound skeletons
  11 adders
  An adder skeleton (D:5)
  4 worms
  4 giant geckos
  3 orcs
  6 bats
  5 hobgoblins
  5 kobolds
  2 ball pythons
  7 giant cockroaches
  13 giant newts
  4 goblins
  4 jackals (D:3)
  A quokka skeleton (D:4)
  7 rats
89 creatures vanquished.

Vanquished Creatures (collateral kills)
  An ogre (D:4)
  A centaur (D:5)
  A worker ant (D:5)
3 creatures vanquished.

Grand Total: 92 creatures vanquished

Notes
Turn   | Place    | Note
--------------------------------------------------------------
     0 | D:1      | lucasterio the Demonspawn Berserker began the quest for the Orb.
     0 | D:1      | Reached XP level 1. HP: 18/18 MP: 1/1
   221 | D:1      | Gained mutation: A weak demonic guardian rushes to your aid. [demonic ancestry]
   221 | D:1      | Reached XP level 2. HP: 16/24 MP: 2/2
   606 | D:1      | Reached ** piety under Trog
   882 | D:1      | Gained mutation: Your flesh is cold resistant. [demonic ancestry]
   882 | D:1      | Reached XP level 3. HP: 19/29 MP: 3/3
   999 | D:2      | Reached skill level 4 in Maces & Flails
  1282 | D:2      | Gained mutation: You have a pair of small antennae on your head. [demonic ancestry]
  1282 | D:2      | Reached XP level 4. HP: 26/35 MP: 4/4
  1510 | D:2      | Noticed Terence
  1523 | D:2      | Killed Terence
  2003 | D:2      | Gained mutation: You have sharp toenails. [demonic ancestry]
  2003 | D:2      | Reached XP level 5. HP: 33/41 MP: 5/5
  2414 | D:3      | Reached *** piety under Trog
  2450 | D:3      | Found an opulent altar of Gozag.
  2451 | D:3      | Found a sparkling altar of Nemelex Xobeh.
  3138 | D:3      | Reached skill level 5 in Maces & Flails
  3843 | D:4      | Gained mutation: You have a pair of antennae on your head. [demonic ancestry]
  3843 | D:4      | Reached XP level 6. HP: 16/47 MP: 6/6
  4218 | D:4      | Found a deep blue altar of Sif Muna.
  4218 | D:4      | Found a snail-covered altar of Cheibriados.
  4475 | D:4      | Noticed an ogre
  4482 | D:4      | Killed an ogre
  4541 | D:5      | Entered Level 5 of the Dungeon
  4541 | D:5      | Found a staircase to the Ecumenical Temple.
  4675 | D:5      | Reached skill level 6 in Maces & Flails
  4897 | D:5      | Gained mutation: You have a pair of large antennae on your head (SInv). [demonic ancestry]
  4897 | D:5      | Reached XP level 7. HP: 46/52 MP: 7/7
  5345 | D:6      | Noticed AAAAA's ghost (novice DrTm)
  5359 | D:6      | Killed AAAAA's ghost
  5359 | D:6      | Reached skill level 7 in Maces & Flails
  5359 | D:6      | Reached skill level 5 in Armour
  5359 | D:6      | Reached XP level 8. HP: 54/58 MP: 8/8
  5425 | D:6      | HP: 2/58 [orc warrior/flail (20)]
  5427 | D:6      | Slain by an orc warrior

Action                   |  1- 3 |  4- 6 |  7- 9 || total
-------------------------+-------+-------+-------++-------
Melee: Mace              |   113 |   296 |    43 ||   452
Invok: Berserk           |     1 |     1 |     2 ||     4
       Burn Spellbooks   |       |     1 |       ||     1
  Eat: Chunk             |     2 |    13 |     1 ||    16
       Fruit             |       |       |     2 ||     2
